 Dungeon Sprint DCSS version 0.30-a0-50-gb2d611f6b1 (webtiles) character file.

Game seed: 1068594405198020229

4 rocky1 the Shield-Bearer (level 1, -2/19 HPs)
             Began as a Formicid Fighter on Sept 5, 2022.
             Was an Initiate of Okawaru.
             Slain by a quokka (4 damage)
             ... in the Dungeon (Sprint VII: "The Pits").
             The game lasted 00:00:32 (223 turns).

rocky1 the Shield-Bearer (Formicid Fighter)          Turns: 223, Time: 00:00:33

Health: -2/19      AC:  7    Str: 20    XL:     1   Next: 77%
Magic:  1/1        EV:  9    Int:  7    God:    Okawaru [......]
Gold:   0          SH:  5    Dex: 13    Spells: 0/0 levels left

rFire   . . .      SeeInvis +    a - +0 war axe
rCold   . . .      Faith    .    c - +0 buckler
rNeg    . . .      Spirit   .    b - +0 scale mail
rPois   .          Reflect  .    (helmet unavailable)
rElec   .          Harm     .    (no cloak)
rCorr   .          Rampage  .    (no gloves)
Will    .....                    (no boots)
Stlth   ..........               (no amulet)
HPRegen 0.06/turn                (no ring)
MPRegen 0.07/turn                (no ring)

@: no status effects
A: permanent stasis, dig shafts and tunnels, antennae 3, four strong arms
a: Dig, Renounce Religion


You were in the Dungeon.
You worshipped Okawaru.
Okawaru was noncommittal.
You visited 1 branch

Inventory:

Hand Weapons
 a - a +0 war axe (weapon)
Armour
 b - a +0 scale mail (worn)
 c - a +0 buckler (worn)
Scrolls
 i - 5 scrolls of amnesia
Potions
 d - a potion of might
 e - a potion of curing
 f - a potion of heal wounds
 g - 4 potions of magic
 h - 2 potions of invisibility


   Skills:
 + Level 3.7 Fighting
 + Level 2.1 Axes
 + Level 3.9 Armour
 + Level 4.8 Shields


You couldn't memorise any spells.
You didn't know any spells.
Your spell library was empty.

Dungeon Overview and Level Annotations

Branches:
Dungeon (1/1)

Altars:
Ashenzari
Cheibriados
Dithmenos
Elyvilon
Fedhas
Gozag
Hepliaklqana
Kikubaaqudgha
Makhleb
Nemelex Xobeh
Okawaru
Qazlal
Ru
Sif Muna
Trog
Uskayaw
Vehumet
Wu Jian
Xom
Yredelemnul
Zin
The Shining One
Jiyva
Lugonu


Innate Abilities, Weirdness & Mutations

You cannot be hasted, slowed, berserked, paralysed or teleported.
You can dig through walls and to a lower floor.
You have a pair of large antennae on your head. (SInv)
Your four strong arms can wield two-handed weapons with a shield.


Message History

The goblin is heavily wounded.
The goblin closely misses you. The goblin hits you with a +0 club.
The frilled lizard hisses angrily.
You slash the goblin!
You kill the goblin!
Okawaru accepts your kill. The quokka barely misses you.
You closely miss the quokka. The quokka barely misses you.
You miss the quokka. The quokka closely misses you.
The quokka bites you but does no damage.
You barely miss the quokka. You block the quokka's attack.
The quokka bites you but does no damage.
You hit the quokka.
The quokka is moderately wounded.
You block the quokka's attack.
The quokka bites you but does no damage.
You closely miss the quokka.
The quokka is moderately wounded.
You block the quokka's attack.
You closely miss the quokka.
The quokka is moderately wounded.
The quokka completely misses you. The quokka barely misses you.
You barely miss the quokka.
The quokka is moderately wounded.
The quokka bites you. x2
You closely miss the quokka.
The quokka is moderately wounded.
The quokka bites you but does no damage.
You closely miss the quokka.
The quokka is moderately wounded.
The quokka closely misses you. The quokka bites you.
You closely miss the quokka.
The quokka is moderately wounded.
The quokka bites you.
* * * LOW HITPOINT WARNING * * *
The quokka barely misses you.
You barely miss the quokka.
The quokka is moderately wounded.
The quokka bites you.
You die...

#_________.#
#_______...###########+
##########'##..........
#.?(!')))'.##......#..#
##########.##..........
#...........'..........
#+#####'#####......#..#
#..#))# #..........
#.lr@.# ####'#####+
#..#### #.......# #. {{
#.......# # #.......#
#...<...# { #.......# {
#.......# #.......# {
#########


You could see a quokka and a frilled lizard.

Vanquished Creatures
  3 goblins (D)
  A frilled lizard (D)
4 creatures vanquished.

Notes
Turn   | Place    | Note
-------+----------+-------------------------------------------
     0 | D        | rocky1 the Formicid Fighter began the quest for the Orb.
     0 | D        | Reached XP level 1. HP: 18/18 MP: 1/1
    19 | D        | Found a bloodstained altar of Trog.
    19 | D        | Found a shimmering blue altar of Sif Muna.
    19 | D        | Found a viscous altar of Jiyva.
    19 | D        | Found a hazy altar of Hepliaklqana.
    19 | D        | Found an opulent altar of Gozag.
    20 | D        | Found a glowing golden altar of the Shining One.
    20 | D        | Found a glowing silver altar of Zin.
    20 | D        | Found a basalt altar of Yredelemnul.
    20 | D        | Found a shimmering altar of Xom.
    20 | D        | Found an ornate altar of the Wu Jian Council.
    20 | D        | Found a sacrificial altar of Ru.
    20 | D        | Found a stormy altar of Qazlal.
    20 | D        | Found an iron altar of Okawaru.
    20 | D        | Found a sparkling altar of Nemelex Xobeh.
    20 | D        | Found a burning altar of Makhleb.
    20 | D        | Found a blossoming altar of Fedhas.
    20 | D        | Found a white marble altar of Elyvilon.
    20 | D        | Found a shadowy altar of Dithmenos.
    20 | D        | Found a snail-covered altar of Cheibriados.
    22 | D        | Found a radiant altar of Vehumet.
    22 | D        | Found a corrupted altar of Lugonu.
    23 | D        | Found a hide-covered altar of Uskayaw.
    23 | D        | Found an ancient bone altar of Kikubaaqudgha.
    23 | D        | Found a broken altar of Ashenzari.
    28 | D        | Became a worshipper of Warmaster Okawaru
   223 | D        | Slain by a quokka

Illustrated notes

Levels and vault maps discovered:
D:        pitsprint [storerooms_1, entrance_room_1, metal_vault_8, armoury_1,
          mini_pit_1, grid_room_1, main_hall_1, silver_pit, the_coven_3,
          the_vestibule_1, steel_vault_3, golden_pit, hallway_of_sentries,
          crystal_vault_1, iron_vault_4, final_vault]

Action                   || total
-------------------------++-------
Melee: War axe           ||    22
Armor: Scale mail        ||     8
Dodge: Dodged            ||    12
Block: Buckler           ||     5

Table legend: (Time is in decaauts)
 A = Elapsed time spent in this place.
 B = Non-inter-level travel time spent in this place.
 C = Inter-level travel time spent in this place.
 D = Time resting spent in this place.
 E = Time spent auto-exploring this place.
 F = Levels seen in this place.
 G = Mean time per level.
                   A        B        C        D        E       F      G
               +--------+--------+--------+--------+--------+-----+--------+
         Total |    231 |    220 |     11 |    138 |      0 |   1 |  231.0 |
       Dungeon |    231 |    220 |     11 |    138 |      0 |   1 |  231.0 |
               +--------+--------+--------+--------+--------+-----+--------+

Top non-repeatable levels by time:
       D: 231 daAuts
